 Dungeon Crawl Stone Soup version 0.31.0-32-g396128a36d (webtiles) character file.

Game seed: 12809445313972782074

130 Peloso the Covered (level 4, -4/41 HPs)
             Began as a Minotaur Fighter on Mar 24, 2024.
             Was an Initiate of Okawaru.
             Slain by a gnoll
             ... wielding a +0 halberd
              (11 damage)
             ... on level 4 of the Dungeon.
             The game lasted 00:03:58 (2218 turns).

Peloso the Covered (Minotaur Fighter)               Turns: 2218, Time: 00:03:59

Health: -4/41      AC:  8    Str: 21    XL:     4   Next: 90%
Magic:  3/3        EV:  9    Int:  5    God:    Okawaru [......]
Gold:   277        SH:  4    Dex: 11    Spells: 3/3 levels left

rFire   . . .        a - +1 long sword
rCold   . . .        c - +0 buckler
rNeg    . . .        b - +1 scale mail
rPois   .            (helmet restricted)
rElec   .            (no cloak)
rCorr   .            (no gloves)
SInv    .            (no boots)
Will    .....        (no amulet) Stlth
                     (no ring)
HPRegen 0.26/turn    (no ring)
MPRegen 0.08/turn

%: no passive effects
@: no status effects
A: horns 2, retaliatory headbutt
a: Renounce Religion


You were on level 4 of the Dungeon.
You worshipped Okawaru.
Okawaru was noncommittal.
You visited 2 branches of the dungeon, and saw 5 of its levels.

You collected 277 gold pieces.

Inventory:

Hand Weapons
 a - a +1 long sword (weapon)
Armour
 b - a +1 scale mail (worn)
 c - a +0 buckler (worn)
Jewellery
 m - a ring of fire
Scrolls
 e - 2 scrolls of fog {unknown}
 l - a scroll of teleportation
Potions
 d - a potion of might
 h - 2 potions of brilliance
 j - 2 potions of degeneration {unknown}
 k - a potion of cancellation {unknown}


   Skills:
 + Level 4.3 Fighting
 + Level 3.9 Long Blades
 + Level 4.8 Armour
 + Level 0.6 Dodging
 + Level 4.2 Shields


You had 3 spell levels left.
You didn't know any spells.
Your spell library contained the following spells:

 Spells                   Type           Power      Damage    Failure   Level
 Necrotise                Necr           0%         1d4       86%         1
 Jinxbite                 Hex            0%         N/A       95%         2
 Fugue of the Fallen      Necr           0%         N/A       99%         3
 Ozocubu's Armour         Ice            0%         N/A       99%         3
 Vampiric Draining        Necr           0%         2d6       99%         3
 Manifold Assault         Tloc           0%         N/A       100%        4
 Curse of Agony           Necr           0%         N/A       100%        5
 Yara's Violent Unravell  Hex/Alch       0%         3d3       100%        5
 Enfeeble                 Hex            0%         N/A       100%        7
 Martyr's Knell           Necr/Summ      Unusable   N/A       N/A         4

Dungeon Overview and Level Annotations

Branches:
Dungeon (4/15)             Temple (1/1) D:4

Altars:
Cheibriados
Dithmenos
Elyvilon
Fedhas
Gozag
Hepliaklqana
Kikubaaqudgha
Makhleb
Nemelex Xobeh
Okawaru
Qazlal
Ru
Sif Muna
Trog
Vehumet
Wu Jian
Xom
Zin
The Shining One

Shops:
D:3 [

Annotations:
D:4 2 runed translucent doors


Innate Abilities, Weirdness & Mutations

You have a pair of horns on your head.
You reflexively headbutt those who attack you in melee.


Message History

You hit the hound. You headbutt the hound!
You kill the hound!
Okawaru accepts your kill. The gnoll barely misses you.
You block the gnoll's attack. The gnoll closely misses you.
You furiously retaliate!
You headbutt the gnoll! The gnoll hits you but does no damage.
You see here a hound corpse.
You closely miss the gnoll. Your headbutt misses the gnoll.
The gnoll is severely wounded.
The gnoll hits you but does no damage. The gnoll barely misses you.
The gnoll misses you. You block the gnoll's attack.
The gnoll hits you with a +0 whip. The gnoll hits you with a +0 halberd.
You barely miss the gnoll.
The gnoll is severely wounded.
You block the gnoll's attack. The gnoll hits you with a +0 halberd!
The gnoll hits you but does no damage.
Unknown command.
The gnoll hits you from afar with a +0 halberd!
You slash the gnoll!
The gnoll is almost dead.
The gnoll barely misses you. You furiously retaliate!
You headbutt the gnoll. The gnoll barely misses you.
Unknown command.
You closely miss the gnoll. Your headbutt misses the gnoll.
The gnoll is almost dead.
The gnoll hits you with a +0 flail. The gnoll closely misses you.
Unknown command.
You closely miss the gnoll. Your headbutt misses the gnoll.
The gnoll is almost dead.
The gnoll hits you with a +0 flail!
* * * LOW HITPOINT WARNING * * *
The gnoll completely misses you. The gnoll hits you but does no damage.
Unknown command.
Okay, then.
The gnoll attacks as it pursues you! The gnoll hits you with a +0 whip.
* * * LOW HITPOINT WARNING * * *
The gnoll attacks as it pursues you!
The gnoll hits you from afar with a +0 halberd!
You die...

.................#..
#....###...###.......
##.... #.⌠.# ####..#
......###...###.# ..#
#.............####..
.##...##)##....##...
.........###...##.##
...##.#....#.......#
# #.........@.#
#........##g###
#..........#gg#
#....>##.###g...#
#.......#.# #........
###....#### #....#...
#..... .....# .#
####..# ...... # #.##
......#


You could see 4 gnolls.

Vanquished Creatures
  A bombardier beetle (D:4)
  A hound (D:4)
  2 adders (D:2)
  A dart slug (D:2)
  3 orcs (D:4)
  3 endoplasms
  2 giant cockroaches
  3 hobgoblins
  6 jackals (D:2)
  3 kobolds
  2 quokkas
  5 ball pythons
  A bat (D:2)
  2 frilled lizards
  3 goblins
  3 rats
41 creatures vanquished.

Notes
Turn   | Place    | Note
-------+----------+-------------------------------------------
     0 | D:1      | Peloso the Minotaur Fighter began the quest for the Orb.
     0 | D:1      | Reached XP level 1. HP: 19/19 MP: 0/0
   245 | D:1      | Reached XP level 2. HP: 18/27 MP: 1/1
   903 | D:2      | Reached XP level 3. HP: 24/33 MP: 2/2
  1461 | D:3      | Found Immufaul's Antique Armour Boutique.
  1983 | D:4      | Reached XP level 4. HP: 36/40 MP: 3/3
  2062 | D:4      | Found a runed translucent door.
  2104 | D:4      | Found a runed translucent door.
  2121 | D:4      | Found a staircase to the Ecumenical Temple.
  2134 | Temple   | Entered the Ecumenical Temple
  2164 | Temple   | Became a worshipper of Warmaster Okawaru
  2218 | D:4      | Slain by a gnoll

Illustrated notes

Levels and vault maps discovered:
D:1:      matt_arrival_los_fun, layout_rooms,
          nicolae_concentric_dashed_squares_mild, minmay_pentomino_s4
D:2:      layout_basic
D:3:      layout_rooms, serial_shops, shop, kennysheep_pointless_box
D:4:      layout_cave_pools, minmay_temple_entry_junction,
          ebering_ghost_sewer_f, hellmonk_guarded_unrand_hermit
Temple:   hellmonk_temple_of_storms

Skill      XL: |  1  2  3 |
---------------+----------+-----
Armour         | 4 |  4.8
Fighting       | 4 |  4.3
Shields        | 4 |  4.2
Long Blades    | 3 |  3.9
Dodging        | |  0.6

Action                     |  1- 3 |  4- 6 || total
---------------------------+-------+-------++-------
  Melee: Long sword        |    80 |    18 ||    98
         Headbutt          |    12 |     3 ||    15
    Use: Scroll            |     5 |       ||     5
 Armour: Scale mail        |    52 |    28 ||    80
  Dodge: Dodged            |    36 |    15 ||    51
  Block: Buckler           |    23 |     7 ||    30
